Cogmind - Beta 11.1 @@@ ROGUE MODE // 2022.06.12 @ 16:59:52 Player: Cyurio Result: Destroyed by H-71 Marshal with Heavy Mass Driver Performance ------------- Evolutions (5) 2500 Regions Visited (15) 3000 Robots Destroyed (118) 590 Value Destroyed (4142) 4142 Prototype IDs (31) 620 Alien Tech Used (0) 0 Bonus (1784) 1784 TOTAL SCORE: 12636 Bonus ------- High Alert Combat Kills 31 Follower Combat Kills 953 Entered DSFs 500 Aligned with FarCom 300 Cogmind --------- Core Integrity 0/1000 Matter 289/300 Energy 94/100 System Corruption 9% Temperature Cool (0) Movement Core (850) Ox16 Location -5/Factory Parts ------- > --- POWER (3) -------- (None) > --- PROPULSION (6) --- (None) > --- UTILITY (4) ------ High-capacity Storage Unit > --- WEAPON (4) ------- Heavy Flail Heavy Flail Great Maul > --- INVENTORY (20) --- Improved Trap Scanner Improved Trap Scanner Improved Signal Interpreter Phase Shifter Phase Shifter Improved Light Armor Plating Advanced Shield Generator Force Field Segregator Spear Peak State ------------ > --- POWER ------------ Improved Deuterium Engine Light Fission Core Light Neutrino Core > --- PROPULSION ------- Flexi-carbon Leg Flexi-carbon Leg Biometal Leg Biometal Leg Potential Leg Potential Leg > --- UTILITY ---------- High-capacity Storage Unit Improved Melee Analysis Suite Microactuators Improved Shield Generator > --- WEAPON ----------- Power Maul Scythe Axe Spear > --- INVENTORY -------- Light Angular Momentum Engine Light Fission Core Light Fission Core Light Fission Core VSS Leg Improved Trap Scanner Improved Trap Scanner Improved Signal Interpreter Phase Shifter Phase Shifter Improved Light Armor Plating EM Disruption Field Advanced Shield Generator Force Field Heavy Flail Heavy Flail Great Maul Spear Spear [Rating: 97] Favorites ----------- Power Light Nuclear Core Engine Improved Deuterium Engine Power Core Light Nuclear Core Propulsion Potential Leg Treads Advanced Treads Leg Potential Leg Utility Hardened Medium Armor Plating Device Improved Shield Generator Storage Medium Storage Unit Processor Improved Melee Analysis Suite Protection Hardened Medium Armor Plating Weapon Scythe Energy Gun EM Pulse Gun Ballistic Gun Assault Rifle Launcher Grenade Launcher Impact Weapon Mace Slashing Weapon Scythe Piercing Weapon Spear Build | -11 -10 -10 -9 -9 -9 -8 -8 -7 -6 -6 -6 -6 -5 -5 -5 ------- Run | Scr Mat Min Mat Min Exi Min Mat Fac Fac Was Fac DSF Fac Was Fac Slots Evolved 10 | . . . 2 . . . 2 2 2 . . . 2 . . Power 2 | . . . . . . . 1 . 1 . . . . . . Propulsion 4 | . . . 1 . . . 1 . . . . . 2 . . Utility 2 | . . . 1 . . . . . 1 . . . . . . Weapon 2 | . . . . . . . . 2 . . . . . . . Parts Attached 109 | . 1 3 15 6 . 6 18 20 5 . . 1 5 . 29 Power 24 | . . 1 1 1 . 1 5 5 1 . . . 2 . 7 Engine 6 | . . 1 1 . . . . 1 . . . . . . 3 Core 18 | . . . . 1 . 1 5 4 1 . . . 2 . 4 Reactor . | . . . . . . . . . . . . . . . . Propulsion 35 | . . . 4 . . 4 3 7 1 . . 1 2 . 13 Treads 3 | . . . 3 . . . . . . . . . . . . Leg 32 | . . . 1 . . 4 3 7 1 . . 1 2 . 13 Wheel . | . . . . . . . . . . . . . . . . Hover . | . . . . . . . . . . . . . . . . Flight . | . . . . . . . . . . . . . . . . Utility 24 | . 1 1 4 1 . 1 5 3 2 . . . 1 . 5 Device 6 | . . . 1 . . . . 1 . . . . . . 4 Storage 4 | . . 1 . . . . 1 1 . . . . 1 . . Processor 4 | . . . . . . 1 1 . 1 . . . . . 1 Hackware . | . . . . . . . . . . . . . . . . Protection 10 | . 1 . 3 1 . . 3 1 1 . . . . . . Artifact . | . . . . . . . . . . . . . . . . Weapon 26 | . . 1 6 4 . . 5 5 1 . . . . . 4 Energy Gun 2 | . . . 1 . . . 1 . . . . . . . . Energy Cannon . | . . . . . . . . . . . . . . . . Ballistic Gun 6 | . . . 4 1 . . 1 . . . . . . . . Ballistic Cannon . | . . . . . . . . . . . . . . . . Launcher 3 | . . 1 1 1 . . . . . . . . . . . Special Weapon . | . . . . . . . . . . . . . . . . Impact Weapon 9 | . . . . 1 . . 2 3 . . . . . . 3 Slashing Weapon 4 | . . . . 1 . . 1 1 1 . . . . . . Piercing Weapon 2 | . . . . . . . . 1 . . . . . . 1 Special Melee Weapon . | . . . . . . . . . . . . . . . . Unidentified Prototypes . | . . . . . . . . . . . . . . . . Parts Lost 48 | . . 1 4 2 . 2 5 7 3 . . . . 1 23 Power 16 | . . 1 1 1 . . 1 4 . . . . . . 8 Propulsion 12 | . . . . . . 2 . 2 1 . . . . 1 6 Utility 10 | . . . 1 1 . . 2 1 1 . . . . . 4 Weapon 10 | . . . 2 . . . 2 . 1 . . . . . 5 Highest Loss Streak 21 | . . 1 2 1 . 2 3 2 2 . . . . 1 21 To Critical Strikes . | . . . . . . . . . . . . . . . . Average Slot Usage (%) 97 | . 92 93 95 99 100 99 97 99 97 100 100 100 99 97 94 Engine 4 | . 14 14 11 6 . . . . 6 6 6 6 5 5 4 Core 10 | . . . . 4 11 11 17 14 13 13 13 13 11 11 10 Treads 5 | . . . 24 33 33 16 . . . . . . . . . Leg 25 | . 28 28 6 . . 16 36 29 25 26 26 26 35 32 31 Device 2 | . . . 10 3 . . . . 6 6 6 6 5 5 8 Storage 8 | . 14 14 11 11 11 11 9 7 6 6 6 6 4 5 5 Processor 4 | . . . . . . 4 9 7 9 6 6 6 5 5 4 Protection 8 | . 6 8 9 18 22 17 8 6 2 6 6 6 5 5 1 Ballistic Gun 4 | . 14 14 20 9 . . 1 . . . . . . . . Launcher 1 | . . 14 . 3 . . . . . . . . . . . Impact Weapon 7 | . . . . 4 11 11 8 16 6 6 6 6 5 5 5 Slashing Weapon 7 | . . . . 4 11 11 4 12 13 13 13 13 11 11 10 Piercing Weapon 1 | . . . . . . . . 1 6 6 6 6 5 5 4 Naked Turns . | . . . . . . . . . . . . . . . . Heaviest Build 87 | 14 15 20 30 35 35 35 42 69 83 83 83 83 86 86 87 Greatest Support 156 | 20 20 20 66 66 66 75 90 96 93 87 87 87 114 114 156 Greatest Overweight (x) 17 | . . . . . . 1 . . . . . . . . 17 Average Overweight (x) . | . . . . . . . . . . . . . . . . Largest Inventory Capacity 20 | 8 8 10 10 10 10 10 15 20 20 20 20 20 20 20 20 Average Capacity 14 | 8 8 8 10 10 10 10 10 18 20 20 20 20 19 20 20 Most Carried 20 | 6 8 9 10 9 10 10 10 20 18 16 16 17 20 20 20 Average Carried 12 | 6 6 7 9 8 9 9 9 15 15 14 16 16 17 20 18 Final Capacity 20 | 8 8 10 10 10 10 10 15 20 20 20 20 20 20 20 20 Final Carried 20 | 6 8 9 9 9 10 10 10 19 14 16 16 17 20 20 10 Class Distribution -------------------- 72% | Mutant 14% | Generator-Mutant 13% | Scavenger-Mutant Dominant Class ---------------- Mutant | -10/Materials Mutant | -10/Mines Mutant | -9/Materials Mutant | -9/Mines Mutant | -9/Exiles Mutant | -8/Mines Scavenger-Mutant | -8/Materials Mutant | -7/Factory Mutant | -6/Factory Mutant | -6/Waste Mutant | -6/Factory Mutant | -6/DSF Generator-Mutant | -5/Factory Generator-Mutant | -5/Waste Generator-Mutant | -5/Factory Resources | -11 -10 -10 -9 -9 -9 -8 -8 -7 -6 -6 -6 -6 -5 -5 -5 ----------- Run | Scr Mat Min Mat Min Exi Min Mat Fac Fac Was Fac DSF Fac Was Fac Matter Collected 1852 | 200 32 219 203 155 . 282 242 223 . . . 51 20 . 225 Remotely . | . . . . . . . . . . . . . . . . Salvage Created 4714 | . 144 126 708 190 . 332 821 1118 156 . . 55 . . 1064 Parts 266 | . 13 16 48 13 . 21 43 65 9 . . 1 . . 37 Haulers Intercepted 3 | . . . . . . . 2 . . . . . . . 1 Recyclers Shooed . | . . . . . . . . . . . . . . . . Parts Field Recycled . | . . . . . . . . . . . . . . . . Retrieved Matter . | . . . . . . . . . . . . . . . . Parts Self-Destructed . | . . . . . . . . . . . . . . . . Prevented . | . . . . . . . . . . . . . . . . Kills | -11 -10 -10 -9 -9 -9 -8 -8 -7 -6 -6 -6 -6 -5 -5 -5 ------- Run | Scr Mat Min Mat Min Exi Min Mat Fac Fac Was Fac DSF Fac Was Fac Combat Hostiles Destroyed 101 | . 5 7 16 5 . 6 19 21 4 . . 1 . . 17 Melee 62 | . . . . . . 6 18 18 4 . . 1 . . 15 Guns 26 | . 5 . 16 5 . . . . . . . . . . . AOE 7 | . . 7 . . . . . . . . . . . . . Classes Destroyed 16 | . 2 3 2 1 . 2 2 2 . . . . . . 2 Worker 5 | . . 1 1 . . 1 . 1 . . . . . . 1 Builder 2 | . . 1 . . . . . . . . . . . . 1 Hauler 3 | . . . . . . . 2 . . . . . . . 1 Recycler 2 | . . . . . . 1 . 1 . . . . . . . Mechanic 1 | . . 1 . . . . . . . . . . . . . Operator 1 | . . . . . . . . 1 . . . . . . . Watcher 3 | . . . . . . . 2 1 . . . . . . . Swarmer 26 | . 3 3 3 . . 2 8 5 2 . . . . . . Saboteur 1 | . . . . . . . . . . . . . . . 1 Grunt 42 | . 2 4 7 4 . 2 7 5 . . . . . . 11 Brawler 3 | . . . 1 . . . 1 . . . . 1 . . . Duelist 3 | . . . . 1 . 1 . 1 . . . . . . . Sentry 14 | . . . 5 . . . 3 5 1 . . . . . . Specialist 1 | . . . . . . . . . . . . . . . 1 Hunter 3 | . . . . . . 1 . 2 . . . . . . . Programmer 8 | . . . . . . . . 3 1 . . . . . 4 Best Kill Streak 5 | . 2 5 5 2 . 3 4 3 3 . . 1 . . 4 Combat Bots Only 5 | . 2 3 5 2 . 3 4 3 3 . . 1 . . 4 Max Kills in Single Turn 3 | . 1 3 1 1 . 1 1 1 1 . . 1 . . 1 Gunslinging . | . . . . . . . . . . . . . . . . Exploded 2 | . . 2 . . . . . . . . . . . . . Melee 1 | . . . . . . 1 1 1 1 . . 1 . . 1 Uniques/NPCs Destroyed . | . . . . . . . . . . . . . . . . Combat | -11 -10 -10 -9 -9 -9 -8 -8 -7 -6 -6 -6 -6 -5 -5 -5 -------- Run | Scr Mat Min Mat Min Exi Min Mat Fac Fac Was Fac DSF Fac Was Fac Damage Taken 8720 | . 158 402 1020 275 . 381 1102 1367 501 . . 80 . 24 3410 Core 1603 | . 18 45 119 23 . 10 184 106 58 . . 14 . . 1026 Absorbed by Shields 531 | . . . . . . . . 59 199 . . 28 . 8 237 Redirected to Shielding 124 | . 8 28 . . . . 88 . . . . . . . . Regen/Repaired (Parts) 214 | . . . . . . . . 81 . . . . 133 . . Core Remaining (%) 79 | 100 . 74 . . . 62 66 84 . . . 91 . . . Volleys Fired 131 | . 16 17 72 18 . . 8 . . . . . . . . Largest 2 | . 2 1 2 2 . . 1 . . . . . . . . Hottest 60 | . 60 30 60 46 . . 56 . . . . . . . . Shots Fired 232 | . 32 17 139 36 . . 8 . . . . . . . . Gun 215 | . 32 . 139 36 . . 8 . . . . . . . . Cannon . | . . . . . . . . . . . . . . . . Launcher 17 | . . 17 . . . . . . . . . . . . . Special . | . . . . . . . . . . . . . . . . Kinetic 185 | . 16 . 133 36 . . . . . . . . . . . Thermal 8 | . . . . . . . 8 . . . . . . . . Explosive 17 | . . 17 . . . . . . . . . . . . . Electromagnetic 22 | . 16 . 6 . . . . . . . . . . . . Robot Hit Streak 14 | . 5 2 13 12 . . 14 . . . . . . . . Robot Miss Streak 4 | . 4 1 3 1 . . 2 . . . . . . . . Penetration Max . | . . . . . . . . . . . . . . . . Secondary Targets 1 | . . . 1 . . . . . . . . . . . . Max Gunslinging Chain 1 | . . . 1 . . . . . . . . . . . . Shots Hit Robots 380 | . 14 2 95 28 . 11 60 70 13 . . 3 . . 84 Core Hits 153 | . 6 15 34 9 . 7 24 26 5 . . 1 . . 26 Critical Kills . | . . . . . . . . . . . . . . . . Critical Parts Destroyed 12 | . . . 1 . . . 3 4 1 . . . . . 3 Critical Strikes 35 | . . . 1 . . 1 8 12 2 . . 1 . . 10 Burn 1 | . . . . . . . 1 . . . . . . . . Destroy 1 | . . . 1 . . . . . . . . . . . . Smash 11 | . . . . . . . 3 4 1 . . . . . 3 Sever 14 | . . . . . . 1 4 4 1 . . 1 . . 3 Impale 8 | . . . . . . . . 4 . . . . . . 4 Melee Attacks 312 | . . . . . . 23 74 90 18 . . 4 . . 103 Impact 85 | . . . . . . 4 34 23 3 . . . . . 21 Slashing 141 | . . . . . . 19 40 48 9 . . 1 . . 24 Piercing 86 | . . . . . . . . 19 6 . . 3 . . 58 Sneak Attacks 21 | . . . . . . 3 3 5 . . . . . . 10 Combat Hostiles 5 | . . . . . . 1 . 1 . . . . . . 3 Follow-up Attacks 69 | . . . . . . 1 5 21 5 . . 1 . . 36 Damage Inflicted 10694 | . 168 698 1060 435 . 450 1784 2505 447 . . 81 . . 3066 Guns 1736 | . 168 . 1060 435 . . 73 . . . . . . . . Cannons . | . . . . . . . . . . . . . . . . Explosions 698 | . . 698 . . . . . . . . . . . . . Melee 8260 | . . . . . . 450 1711 2505 447 . . 81 . . 3066 Ramming . | . . . . . . . . . . . . . . . . Kinetic 1512 | . 73 . 1004 435 . . . . . . . . . . . Thermal 73 | . . . . . . . 73 . . . . . . . . Explosive 698 | . . 698 . . . . . . . . . . . . . Electromagnetic 151 | . 95 . 56 . . . . . . . . . . . . Impact 1947 | . . . . . . . 746 512 61 . . . . . 628 Slashing 3970 | . . . . . . 450 965 1485 266 . . 24 . . 780 Piercing 2343 | . . . . . . . . 508 120 . . 57 . . 1658 Highest Corruption 9 | . . 3 . . . . 4 . 1 1 1 1 . . 9 Average Corruption 3 | . . 3 . . . . 4 . 1 1 1 1 . . 3 Corruption Purged . | . . . . . . . . . . . . . . . . Corruption Blocked . | . . . . . . . . . . . . . . . . Effects 52 | . . 12 . . . . 33 . 1 . 2 2 . . 2 Message Errors 17 | . . 7 . . . . 9 . . . . 1 . . . Matter Fused 12 | . . 2 . . . . 8 . . . 1 . . . 1 Heat Flow Errors 7 | . . 1 . . . . 4 . 1 . 1 . . . . Energy Discharges 6 | . . . . . . . 6 . . . . . . . . Data Loss (minor) 6 | . . 1 . . . . 4 . . . . 1 . . . Data Loss (major) 2 | . . 1 . . . . 1 . . . . . . . . Alerts 2 | . . . . . . . 1 . . . . . . . 1 Overload Shots . | . . . . . . . . . . . . . . . . Overflow Damage 966 | . . 15 . . . 96 151 353 31 . . . . . 320 Projectiles . | . . . . . . . . . . . . . . . . Explosions 15 | . . 15 . . . . . . . . . . . . . Melee 951 | . . . . . . 96 151 353 31 . . . . . 320 Knockbacks 13 | . . . . . . . 9 1 . . . . . . 3 Impact 13 | . . . . . . . 9 1 . . . . . . 3 Kinetic . | . . . . . . . . . . . . . . . . Secondary . | . . . . . . . . . . . . . . . . Self-Inflicted Damage 61 | . . 61 . . . . . . . . . . . . . Shots 4 | . . 4 . . . . . . . . . . . . . Rammed . | . . . . . . . . . . . . . . . . Targets Rammed 1 | . . . . . . . . . . . . . . . 1 Kicked 1 | . . . . . . . . . . . . . . . 1 Crushed . | . . . . . . . . . . . . . . . . Highest Temperature 328 | . 6 86 8 82 . 3 328 8 172 . 106 . . 2 15 Average Temperature 78 | . 6 25 2 34 . 2 125 3 82 . 55 . . 2 3 Received Heat Transfer 1661 | . 12 63 357 132 . 72 567 210 41 . . 6 . . 201 Effects 3 | . . . . . . . 3 . . . . . . . . Energy Bleed 2 | . . . . . . . 2 . . . . . . . . Matter Decay 1 | . . . . . . . 1 . . . . . . . . Siege Activations . | . . . . . . . . . . . . . . . . Robots Corrupted . | . . . . . . . . . . . . . . . . Combat Hostiles . | . . . . . . . . . . . . . . . . Parts Fried 15 | . . . . . . . 6 7 . . . . . . 2 Impact Corruptions 24 | . . . . . . . 6 9 1 . . . . . 8 Robots Melted . | . . . . . . . . . . . . . . . . Combat Hostiles . | . . . . . . . . . . . . . . . . Parts Melted 1 | . . . 1 . . . . . . . . . . . . Heat Transferred 259 | . . . . . . . 259 . . . . . . . . Parts Sabotaged 5 | . . . . . . . . . . . . . . . 5 Parts Stolen . | . . . . . . . . . . . . . . . . Parts Stripped . | . . . . . . . . . . . . . . . . Power Chain Reactions . | . . . . . . . . . . . . . . . . Missiles Intercepted . | . . . . . . . . . . . . . . . . Alert | -11 -10 -10 -9 -9 -9 -8 -8 -7 -6 -6 -6 -6 -5 -5 -5 ------- Run | Scr Mat Min Mat Min Exi Min Mat Fac Fac Was Fac DSF Fac Was Fac Peak Influence 577 | . 141 306 420 214 . 200 309 471 370 129 90 323 577 267 427 Initial 230 | . . 54 33 114 . . 19 138 230 129 90 66 169 147 186 Average 194 | . 63 180 212 102 . 124 141 197 251 129 90 161 437 202 289 Maximum Alert Level 2 | . . 1 2 1 . 1 1 2 1 . . 1 2 1 2 Low Security (%) 52 | 100 100 59 35 85 . 70 69 54 . 100 100 51 10 42 19 Level 1 43 | . . 40 63 14 . 29 30 41 100 . . 48 36 57 77 Level 2 3 | . . . 1 . . . . 4 . . . . 52 . 2 Level 3 . | . . . . . . . . . . . . . . . . Level 4 . | . . . . . . . . . . . . . . . . Level 5 . | . . . . . . . . . . . . . . . . High Security . | . . . . . . . . . . . . . . . . Max Security . | . . . . . . . . . . . . . . . . Squads Dispatched 28 | . 2 1 1 . . . 4 8 2 . 1 1 2 . 6 Investigation 7 | . . . 1 . . . 1 4 . . . . . . 1 Extermination 5 | . . . . . . . . 3 1 . . . . . 1 Reinforcement 14 | . 2 . . . . . 3 1 . . 1 1 2 . 4 Assault 1 | . . 1 . . . . . . . . . . . . . Garrison 1 | . . . . . . . . . 1 . . . . . . Intercept . | . . . . . . . . . . . . . . . . Searches Triggered . | . . . . . . . . . . . . . . . . Construction Impeded 1 | . . . . . . . . . . . . . . . 1 Haulers Reinforced 1 | . . . . . . . . . . . . . . . 1 Active Scanning Responses . | . . . . . . . . . . . . . . . . Cargo Convoy Interrupts 1 | . . . . . . . . . . . . . . . 1 Stealth | -11 -10 -10 -9 -9 -9 -8 -8 -7 -6 -6 -6 -6 -5 -5 -5 --------- Run | Scr Mat Min Mat Min Exi Min Mat Fac Fac Was Fac DSF Fac Was Fac Distress Signals 7 | . 1 . . . . . . 3 . . . . . . 3 Communications Jammed . | . . . . . . . . . . . . . . . . Distress Signals . | . . . . . . . . . . . . . . . . Times Spotted 202 | . 9 10 27 5 . 9 32 41 8 . . 5 4 5 47 Peak Tracking Total 13 | . 4 4 5 3 . 4 7 5 5 . . 4 4 2 13 Tactical Retreats 23 | . . . 1 . . 6 3 9 1 . . . . . 3 Traps | -11 -10 -10 -9 -9 -9 -8 -8 -7 -6 -6 -6 -6 -5 -5 -5 ------- Run | Scr Mat Min Mat Min Exi Min Mat Fac Fac Was Fac DSF Fac Was Fac Traps Triggered 10 | . . . 1 . . . 1 1 2 . . 2 1 . 2 Indirectly . | . . . . . . . . . . . . . . . . Trap Hack Attempts . | . . . . . . . . . . . . . . . . Triggered . | . . . . . . . . . . . . . . . . Disarmed . | . . . . . . . . . . . . . . . . Reprogrammed . | . . . . . . . . . . . . . . . . Reused . | . . . . . . . . . . . . . . . . Traps Extracted . | . . . . . . . . . . . . . . . . Installed . | . . . . . . . . . . . . . . . . Triggered . | . . . . . . . . . . . . . . . . Machines | -11 -10 -10 -9 -9 -9 -8 -8 -7 -6 -6 -6 -6 -5 -5 -5 ---------- Run | Scr Mat Min Mat Min Exi Min Mat Fac Fac Was Fac DSF Fac Was Fac Machines Disabled 3 | . . . 1 . . . . . . . . . 2 . . Max in Single Turn . | . . . . . . . . . . . . . . . . Machines Sabotaged . | . . . . . . . . . . . . . . . . Garrisons Compromised . | . . . . . . . . . . . . . . . . Overloaded Fab Kills . | . . . . . . . . . . . . . . . . Hacking | -11 -10 -10 -9 -9 -9 -8 -8 -7 -6 -6 -6 -6 -5 -5 -5 --------- Run | Scr Mat Min Mat Min Exi Min Mat Fac Fac Was Fac DSF Fac Was Fac Machines Accessed 47 | . 1 . 9 . 1 . 5 23 1 . 1 . 3 . 3 Terminals 33 | . 1 . 8 . . . 5 13 1 . 1 . 2 . 2 Fabricators 5 | . . . . . . . . 4 . . . . . . 1 Repair Stations 3 | . . . . . . . . 2 . . . . 1 . . Recycling Units 1 | . . . . . . . . 1 . . . . . . . Scanalyzers 4 | . . . 1 . . . . 3 . . . . . . . Garrison Access . | . . . . . . . . . . . . . . . . Total Hacks 117 | . 3 . 27 . 1 . 17 49 4 . 2 . 8 . 6 Successful 56 | . 2 . 15 . 1 . 9 19 1 . 1 . 7 . 1 Failed 61 | . 1 . 12 . . . 8 30 3 . 1 . 1 . 5 Catastrophic 5 | . . . . . . . 1 3 . . . . . . 1 Database Lockouts . | . . . . . . . . . . . . . . . . Manual 5 | . . . 2 . 1 . . . 2 . . . . . . Terminals 85 | . 3 . 25 . . . 17 24 4 . 2 . 6 . 4 Fabricators 11 | . . . . . . . . 9 . . . . . . 2 Repair Stations 7 | . . . . . . . . 5 . . . . 2 . . Recycling Units 1 | . . . . . . . . 1 . . . . . . . Scanalyzers 12 | . . . 2 . . . . 10 . . . . . . . Garrison Access . | . . . . . . . . . . . . . . . . Terminal Hacks 38 | . 2 . 13 . 1 . 9 6 1 . 1 . 5 . . Record 14 | . . . 5 . . . 3 2 1 . . . 3 . . Part Schematic 1 | . . . . . . . . 1 . . . . . . . Robot Analysis 1 | . 1 . . . . . . . . . . . . . . Prototype ID Bank 3 | . . . 2 . . . . 1 . . . . . . . Open DSF 1 | . . . . . . . . . . . 1 . . . . Emergency Access Points 4 | . . . 2 . . . 1 . . . . . 1 . . Terminal Index 2 | . . . 1 . . . . 1 . . . . . . . Repair Station Index 1 | . . . . . . . 1 . . . . . . . . Alert Level 1 | . . . . . . . 1 . . . . . . . . Dispatch Records 2 | . 1 . . . . . 1 . . . . . . . . Investigation Status 2 | . . . 1 . . . . 1 . . . . . . . Zone Layout 5 | . . . 2 . . . 2 . . . . . 1 . . EX-Prototype ID Bank 1 | . . . . . 1 . . . . . . . . . . Fabricator Hacks 7 | . . . . . . . . 6 . . . . . . 1 Network Status 2 | . . . . . . . . 2 . . . . . . . Load Schematic 2 | . . . . . . . . 2 . . . . . . . Build 3 | . . . . . . . . 2 . . . . . . 1 Repair Station Hacks 4 | . . . . . . . . 2 . . . . 2 . . Scan Component 2 | . . . . . . . . 1 . . . . 1 . . Repair 2 | . . . . . . . . 1 . . . . 1 . . Recycling Unit Hacks . | . . . . . . . . . . . . . . . . Scanalyzer 7 | . . . 2 . . . . 5 . . . . . . . Insert Component 3 | . . . 1 . . . . 2 . . . . . . . Analyze 4 | . . . 1 . . . . 3 . . . . . . . Garrison Access Hacks . | . . . . . . . . . . . . . . . . Unauthorized Hacks . | . . . . . . . . . . . . . . . . Terminals . | . . . . . . . . . . . . . . . . Fabricators . | . . . . . . . . . . . . . . . . Repair Stations . | . . . . . . . . . . . . . . . . Recycling Units . | . . . . . . . . . . . . . . . . Scanalyzers . | . . . . . . . . . . . . . . . . Garrison Access . | . . . . . . . . . . . . . . . . Data Cores Recovered 1 | . . . . . . . . 1 . . . . . . . Used 1 | . . . . . . . . 1 . . . . . . . Hacking Detections 37 | . . . 6 . . . 5 20 1 . . . 2 . 3 Full Trace Events 6 | . . . . . . . 1 4 . . . . . . 1 Feedback Events . | . . . . . . . . . . . . . . . . Feedback Blocked . | . . . . . . . . . . . . . . . . Robot Schematics Acquired . | . . . . . . . . . . . . . . . . Robots Built . | . . . . . . . . . . . . . . . . Authchips . | . . . . . . . . . . . . . . . . Time . | . . . . . . . . . . . . . . . . Total Robot Build Rating . | . . . . . . . . . . . . . . . . Part Schematics Acquired 4 | . . . 1 . . . . 3 . . . . . . . Parts Built 4 | . . . . . . . . 2 . . . . . . 2 Authchips . | . . . . . . . . . . . . . . . . Time 190 | . . . . . . . . 126 . . . . . . 64 Total Part Build Rating 24 | . . . . . . . . 8 . . . . . . 16 Parts Repaired 2 | . . . . . . . . 1 . . . . 1 . . Time 32 | . . . . . . . . 19 . . . . 13 . . Parts Recycled . | . . . . . . . . . . . . . . . . Recycled Matter . | . . . . . . . . . . . . . . . . Retrieved Matter . | . . . . . . . . . . . . . . . . Retrieved Components . | . . . . . . . . . . . . . . . . Parts Scanalyzed 3 | . . . 1 . . . . 2 . . . . . . . Part Schematics Acquired 3 | . . . 1 . . . . 2 . . . . . . . Parts Damaged . | . . . . . . . . . . . . . . . . Bothacking | -11 -10 -10 -9 -9 -9 -8 -8 -7 -6 -6 -6 -6 -5 -5 -5 ------------ Run | Scr Mat Min Mat Min Exi Min Mat Fac Fac Was Fac DSF Fac Was Fac Used RIF Installer . | . . . . . . . . . . . . . . . . Robots Hacked . | . . . . . . . . . . . . . . . . Non-combat . | . . . . . . . . . . . . . . . . Combat . | . . . . . . . . . . . . . . . . Robot Hacks Applied . | . . . . . . . . . . . . . . . . Relay Couplers Released . | . . . . . . . . . . . . . . . . Fabnet Peak Effective % . | . . . . . . . . . . . . . . . . Robots Rewired . | . . . . . . . . . . . . . . . . Allies Hacked . | . . . . . . . . . . . . . . . . Hacks Repelled . | . . . . . . . . . . . . . . . . Allies | -11 -10 -10 -9 -9 -9 -8 -8 -7 -6 -6 -6 -6 -5 -5 -5 -------- Run | Scr Mat Min Mat Min Exi Min Mat Fac Fac Was Fac DSF Fac Was Fac Total Allies 23 | . . 1 . 1 . . . . . 20 . . . 1 . Largest Group 20 | . . 1 1 1 1 . . . . 20 13 12 5 4 3 Highest-Rated Group 718 | . . 31 31 31 31 . . . . 718 396 350 175 150 125 Highest-Rated Ally 50 | . . 31 31 31 31 . . . . 50 50 50 50 50 50 Total Orders . | . . . . . . . . . . . . . . . . Ally Attacks 195 | . . 3 13 . . . . . . . . 96 22 45 16 Total Damage 7373 | . . 40 187 . . . . . . . . 2144 726 3275 1001 Kills 37 | . . 1 3 . . . . . . . . 9 11 8 5 Allies Corrupted . | . . . . . . . . . . . . . . . . Allies Melted . | . . . . . . . . . . . . . . . . Intel | -11 -10 -10 -9 -9 -9 -8 -8 -7 -6 -6 -6 -6 -5 -5 -5 ------- Run | Scr Mat Min Mat Min Exi Min Mat Fac Fac Was Fac DSF Fac Was Fac Robot Analysis Total 1 | . 1 . . . . . . . . . . . . . . Derelict Logs Recovered 2 | . . 1 . 1 . . . . . . . . . . . Drone Launches . | . . . . . . . . . . . . . . . . Drone Recoveries . | . . . . . . . . . . . . . . . . Exploration | -11 -10 -10 -9 -9 -9 -8 -8 -7 -6 -6 -6 -6 -5 -5 -5 ------------- Run | Scr Mat Min Mat Min Exi Min Mat Fac Fac Was Fac DSF Fac Was Fac Turns Passed 10331 | 5 285 835 982 596 307 459 1927 2600 314 73 95 143 415 114 1181 Spaces Moved 6637 | 5 172 658 491 361 211 194 764 2020 242 74 98 131 367 115 734 Core 1 | . . . . . . . . . . . . . . . 1 Treads 955 | . . . 337 361 211 46 . . . . . . . . . Legs 5681 | 5 172 658 154 . . 148 764 2020 242 74 98 131 367 115 733 Wheels . | . . . . . . . . . . . . . . . . Hover . | . . . . . . . . . . . . . . . . Flight . | . . . . . . . . . . . . . . . . Fastest Speed 70 | 120 120 120 120 145 145 100 70 90 97 97 97 97 100 96 95 Average Speed 110 | 120 120 120 137 145 145 111 100 102 101 97 97 97 100 97 101 Slowest Speed 900 | 120 120 120 145 145 145 225 105 110 105 97 97 97 100 100 900 Overloaded Moves 44 | . . . . . . . 44 . . . . . . . . Propulsion Burnouts . | . . . . . . . . . . . . . . . . Robots Hopped . | . . . . . . . . . . . . . . . . Cave-ins Triggered 1 | . . 1 . . . . . . . . . . . . . Exploration Rate (%) 46 | 2 35 88 56 51 60 41 65 50 8 70 3 91 15 79 22 Regions Visited 15 Branch Regions 4 Pre-discovered Areas 2 | . . 1 . 1 . . . . . . . . . . . Known Exits Taken 1 | . . . . . . . . . . . 1 . . . . Unknown Exits Taken 9 | 1 1 1 1 1 1 1 1 1 . . . . . . . Scrap Searched 2 | . . 1 . . . 1 . . . . . . . . . Spaces Dug 22 | . . 22 . . . . . . . . . . . . . Terrain Destroyed 102 | . . 102 . . . . . . . . . . . . . Melee . | . . . . . . . . . . . . . . . . Projectile . | . . . . . . . . . . . . . . . . AOE 102 | . . 102 . . . . . . . . . . . . . Terrain Rammed . | . . . . . . . . . . . . . . . . Walls Destroyed . | . . . . . . . . . . . . . . . . Machines Disabled . | . . . . . . . . . . . . . . . . Actions | -11 -10 -10 -9 -9 -9 -8 -8 -7 -6 -6 -6 -6 -5 -5 -5 --------- Run | Scr Mat Min Mat Min Exi Min Mat Fac Fac Was Fac DSF Fac Was Fac Total 9077 | 4 219 686 673 399 213 412 1807 2447 290 75 97 141 415 116 1083 Wait 1855 | . 23 8 75 13 . 180 933 333 32 . . 2 23 2 231 Move 6623 | 4 171 656 490 360 210 193 763 2019 242 73 97 130 367 114 734 Hop . | . . . . . . . . . . . . . . . . Pick Up 85 | . 5 . 12 2 2 7 9 16 . 2 . . 19 . 11 Fast Attach 15 | . 1 . 3 . . . 2 2 . . . . 1 . 6 Attach 45 | . . 1 4 2 . 2 5 9 5 . . . 2 . 15 Detach 1 | . . 1 . . . . . . . . . . . . . Swap 49 | . . 2 8 4 . 4 11 9 . . . 1 2 . 8 Drop 45 | . 3 . 9 . 1 7 9 3 . . . . 1 . 12 Fire 131 | . 16 17 72 18 . . 8 . . . . . . . . Melee 221 | . . . . . . 19 67 56 11 . . 3 . . 65 Ram . | . . . . . . . . . . . . . . . . Kick 1 | . . . . . . . . . . . . . . . 1 Crush . | . . . . . . . . . . . . . . . . Escape Stasis 6 | . . 1 . . . . . . . . . 5 . . . Rewire . | . . . . . . . . . . . . . . . . Trap . | . . . . . . . . . . . . . . . . Miscellaneous . | . . . . . . . . . . . . . . . . Route ------- -11/Scrapyard -10/Materials -10/Mines (discovered 2 exits: *Mat x2) -9/Materials (discovered 5 exits: *Mat x2 / [*Min] / [*Sto x2]) -9/Mines (discovered 3 exits: *Mat x2 / *Exi) -9/Exiles -8/Mines -8/Materials -7/Factory -6/Factory -6/Waste -6/Factory -6/DSF -5/Factory -5/Waste -5/Factory (discovered 1 exit: [*Fac]) History --------- Turn | Location | Event 1 | -11/Scrapyard | Discovered new exit (range 3) 6 | -11/Scrapyard | Entered Materials 133 | -10/Materials | Discovered new exit (range 15) 291 | -10/Materials | Entered Mines 312 | -10/Mines | Build established: Mutant 337 | -10/Mines | Discovered new exit (range 15) 390 | -10/Mines | Crushed by falling debris 962 | -10/Mines | Met a Derelict testing a Signal Generator 965 | -10/Mines | Discovered new exit (range 15) 1126 | -10/Mines | Entered Materials 1126 | -9/Materials | Accompanied by 1 ally 1126 | -9/Materials | Evolved 2 slots: Propulsion x1, Utility x1 1153 | -9/Materials | Discovered new exit (range 14) 1412 | -9/Materials | Discovered new exit (range 12) 1518 | -9/Materials | Discovered new exit (range 8) 1670 | -9/Materials | Discovered new exit (range 3) 2050 | -9/Materials | Discovered new exit (range 12) 2108 | -9/Materials | Entered Mines 2337 | -9/Mines | Discovered new exit (range 11) 2557 | -9/Mines | Discovered new exit (range 15) 2568 | -9/Mines | Received a Mining Laser from a helpful Derelict 2671 | -9/Mines | Learned location of Recycling (-9) 2693 | -9/Mines | Assembled infested the area 2697 | -9/Mines | Deemed a non-threat by the Exiles lab entrance 2698 | -9/Mines | Discovered new exit (range 5) 2704 | -9/Mines | Entered Exiles 2704 | -9/Exiles | Accompanied by 1 ally 2741 | -9/Exiles | Met 8R-AWN 2764 | -9/Exiles | Met EX-HEX 2807 | -9/Exiles | Met EX-BIN 2825 | -9/Exiles | Aligned with FarCom system 2826 | -9/Exiles | Given EX-Vault access code 2861 | -9/Exiles | Opened EX-Vault 2870 | -9/Exiles | Found Potential Leg 2873 | -9/Exiles | Found Potential Leg 2907 | -9/Exiles | Warned to stay clear of 0b10 Research branches 2945 | -9/Exiles | Met EX-DEC 2994 | -9/Exiles | Discovered new exit (range 14) 3011 | -9/Exiles | Left Exiles lab with Potential Leg 3011 | -9/Exiles | Entered Mines 3466 | -8/Mines | Discovered new exit (range 5) 3470 | -8/Mines | Entered Materials 3470 | -8/Materials | Evolved 2 slots: Power x1, Propulsion x1 3558 | -8/Materials | Build established: Scavenger-Mutant 3640 | -8/Materials | Lost 3 parts (1p1u1w) 4821 | -8/Materials | Build established: Mutant 5299 | -8/Materials | Discovered new exit (range 14) 5397 | -8/Materials | Entered Factory 5397 | -7/Factory | Evolved 2 slots: Weapon x2 5430 | -7/Factory | Repaired Carbon-fiber Leg 6111 | -7/Factory | Fabricated Imp. Melee Analysis Suite? 6623 | -7/Factory | Fabricated Imp. Melee Analysis Suite? 7938 | -7/Factory | Discovered new exit (range 10) 7997 | -7/Factory | Entered another Factory area 7997 | -6/Factory | Evolved 2 slots: Power x1, Utility x1 8132 | -6/Factory | Spotted B-75 Beast 8281 | -6/Factory | Garrison activated, responded to threat 8311 | -6/Factory | Sucked down chute 8311 | -6/Factory | Entered Waste 8312 | -6/Waste | Joined by Warlord forces that had cleared the area 8363 | -6/Waste | Discovered new exit (range 16) 8384 | -6/Waste | Entered Factory 8384 | -6/Factory | Accompanied by 13 allies 8479 | -6/Factory | Identified exit to DSF 8479 | -6/Factory | Entered DSF 8479 | -6/DSF | Accompanied by 12 allies 8512 | -6/DSF | Additional patrols routed to DSF 8576 | -6/DSF | Discovered new exit (range 16) 8622 | -6/DSF | Entered Factory 8622 | -5/Factory | Accompanied by 5 allies 8622 | -5/Factory | Evolved 2 slots: Propulsion x2 8982 | -5/Factory | Repaired Hcp. Storage Unit 9003 | -5/Factory | Build established: Generator-Mutant 9037 | -5/Factory | Sucked down chute 9037 | -5/Factory | Entered Waste 9037 | -5/Waste | Met up with 1 ally sucked down the chute earlier 9076 | -5/Waste | Spotted C-40 Crusher 9078 | -5/Waste | Spotted C-40 Crusher 9080 | -5/Waste | Allies destroyed C-40 Crusher 9085 | -5/Waste | Spotted C-40 Crusher 9086 | -5/Waste | Allies destroyed C-40 Crusher 9090 | -5/Waste | Spotted C-40 Crusher 9092 | -5/Waste | Allies destroyed C-40 Crusher 9093 | -5/Waste | Spotted C-40 Crusher 9101 | -5/Waste | Allies destroyed C-40 Crusher 9104 | -5/Waste | Allies destroyed C-40 Crusher 9110 | -5/Waste | 4 allies followed down the chute 9110 | -5/Waste | Spotted C-40 Crusher 9130 | -5/Waste | Allies destroyed C-40 Crusher 9141 | -5/Waste | Discovered new exit (range 11) 9151 | -5/Waste | Entered Factory 9151 | -5/Factory | Accompanied by 3 allies 9471 | -5/Factory | Discovered new exit (range 15) 9544 | -5/Factory | Fabricated Biometal Leg (x2) 10173 | -5/Factory | Cargo convoy interrupted 10299 | -5/Factory | Core integrity fell below 50% 10319 | -5/Factory | Core integrity fell below 20% 10332 | -5/Factory | Destroyed by H-71 Marshal with Heavy Mass Driver Last Messages --------------- 10311_ System corrupted: Matter fused (-6). 10311_ Slug penetrates Wall. 10311_ Scythe destroyed. 10312_ K-01 Serf collects debris. 10314_ Destroyed Imp. Heat Sink. 10314_ P-70 Sage system corrupted by crushing effect. 10314_ P-70 Sage destroyed. 10314_ Slug penetrates Wall. 10314_ K-01 Serf destroyed. 10314_ R-10 Processor collects Mic. Fission Core. 10318_ Slug penetrates Wall. 10318_ Penetrated by Slug. 10322_ Axe destroyed. 10325_ Penetrated by Slug. 10326_ Hvy. Flail follow-up attack on H-71 Marshal. 10328_ Penetrated by Slug. 10328_ Imp. Melee Analysis Suite destroyed. 10331_ Penetrated by Slug. 10332_ Destroyed Imp. Heat Sink. 10332_ H-71 Marshal system corrupted by crushing effect. Map ----- +----------------------------------------------------+ | ????????????????????# ^ | | ????????????????????# ^ | | ????????????????????# | | ????????????????????# | | ????????????????????# #################+### | | ??????????????????######+#######?????????????????? | | ??????????????????# #?????????????????? | | ??????????????????# #?????????????????? | | ??????????????????# ! #?????????????????? | | ??????????????????# #?????????????????? | | ??????????????????# """ #?????????????????? | | ??????????????????# """"" #?????????????????? | | ??????????????????#h """""[ #?????????????????? | | ???########???????# #?????????????????? | | ?? ## #???????# "" !#?????????????????? | | ? ## #???????# """ " #?????????????????? | | " ## #???????# """"" #?????????????????? | | " ## #???????# #??#############??? | | " ## #???????#######+######??# ! #### | | " ## #?????????????#=#???????# # | | ## #?????????????#*#???????# * # | | ## #?????????????#!#???????# # | | = ?# #????????????##%#???????# # | | ????? #######??????#[h#???????# # | | ########+## #???????#[##??##### ! # | | x h#########@H##"# ########+#/##% | | % h!==*|%[%x!%% < % %% | | ########;##%### ! ### % | | ###+####### % #??????### ##?#####?# """ | | # % ####+###????????##??########+## ""F"" | | # ! # #???????????? # "" "" | | # # #??????????w?"" """ # | | # """""" # #????????????"" """ !!# | | # """""" # ! #?????????# """ """ =%!# | | # """""" # ! #?????????# = # | | # """""" # ! #?????????# """ """ + """ """ | | # ??########?????????? """ """ # % """ """ | | # ????????????????????????# """ """ ! # """ """ | | #?????????????????????????# ## | | ??????????????????????????# %## """ """ | | ??????????????????????????# [## """ """ | | ??????????????????????????# =%+ *=""" """ | | ??????????????????????????###############%! | | ?????????????????????#################### """ """ | | ?????????????????????# # """ """ | | ?????????????????????# # """ """ | | ?????????????????????# ! # | | ?????????????????????# # """ """ | | ?????????????????????# # """ """ | | ?????????????????????# """ """ """ """ # """ """ | +----------------------------------------------------+ Best States ------------- Heat Dissipation 40 Energy Generation 45 Energy Capacity 420 Matter Stores 300 Matter Capacity 300 Sight Range 16 Terrain Scan Density 10 Armor Coverage 450 Resistance: EM 25 Propulsion Shielding 66 Melee Speed Boost 20 Evasion (%) 61 Melee Accuracy 12 Recoil Reduction 3 Item Schematics ----------------- Adv. Treads | -9/Materials | Scanalyzed Imp. Melee Analysis Suite | -7/Factory | Scanalyzed Com. Battery | -7/Factory | Scanalyzed Lgt. Neutrino Core | -7/Factory | Hacked Robot Schematics ------------------ None Fabricated ------------ Imp. Melee Analysis Suite | x1 | -7/Factory Imp. Melee Analysis Suite | x1 | -7/Factory Biometal Leg | x2 | -5/Factory | Preloaded Alien Tech Used ----------------- None Achievements -------------- Below We Are Legion Challenges ------------ None Game ------ Seed PropulsionNovaTerrabomb Manual? 0 Play Time 01:37:35 Cumulative 36.2 hours Start 2022.06.08 @ 20:32:17 End 2022.06.12 @ 16:59:52 Sessions 3 Manual Loads 0 Difficulty Rogue Special Mode None Game No. 55 Rogue 55 Adventurer 0 Explorer 0 Win Type - Total 0 Types 0/0/0/0/0/0/0/0/0 Lore% 25 Gallery% 30 Achievement% 26 Wizard Run 0 Options --------- ASCII 0 Keyboard 1 Movement Vi Keybinds 0 Fullscreen 1 Font 24/Smallcaps Map View 76x50 Tactical HUD 1 Map Filters NONE Filters NONE Steam 1 RUN: acab5476-6a6a-4b47-a1c0-c6d577ade2ba